 Dungeon Crawl Stone Soup version 0.18.1-48-g4cf74bf (webtiles) character file.

394 MistressOfTheDunes the Skirmisher (level 6, -4/51 HPs)
             Began as a Mummy Monk on June 25, 2016.
             Slain by a worker ant (6 damage)
             ... on level 4 of the Dungeon.
             The game lasted 00:10:31 (9210 turns).

MistressOfTheDunes the Skirmisher (Mummy Monk)      Turns: 9210, Time: 00:10:31

Health: -4/51      AC:  1    Str: 15    XL:     6   Next: 51%
Magic:  6/6        EV: 13    Int:  9    God:
Gold:   217        SH:  0    Dex: 16    Spells: 0 memorised, 5 levels left

rFire  x . .     SeeInvis .       - Unarmed
rCold  + . .     Gourm    .     (no armour)
rNeg   + + +     Faith    .     (no shield)
rPois  ∞         Spirit   .     (no helmet)
rElec  .         Dismiss  .     c - +0 cloak
rCorr  .         Reflect  .     (no gloves)
SustAt .         Harm     .     (no boots)
MR     .....                    (no amulet)
Stlth  ++........               (no ring)
                                (no ring)

@: not resistant to hostile enchantments, unstealthy
A: no food or potions, fire vulnerability, cold resistance 1, negative energy
resistance 3, torment resistance, unbreathing
a: no special abilities


You were on level 4 of the Dungeon.
You were not hungry.

You visited 1 branch of the dungeon, and saw 5 of its levels.
You also visited: Sewer.

You collected 217 gold pieces.


Innate Abilities, Weirdness & Mutations

You do not eat or drink.
Your flesh is vulnerable to fire.
You are immune to poison.
Your flesh is cold resistant.
You are immune to negative energy.
You are immune to unholy pain and torment.
You can survive without breathing.


   Skills:
 - Level 5.2 Fighting
 + Level 3.3 Dodging
 - Level 1.5 Stealth
 - Level 5.0 Unarmed Combat


You had 5 spell levels left.
You didn't know any spells.

Inventory:

Hand Weapons
 m - the +6 long sword "Noblejisa" {slice, rF+, unknown}

   It inflicts extra damage upon your enemies.
   It protects you from fire.
Armour
 c - a +0 cloak (worn)
 d - a +0 shield
Jewellery
 i - an uncursed amulet of guardian spirit {unknown}
Scrolls
 a - 5 scrolls of magic mapping
 b - 2 scrolls of amnesia
 e - 3 scrolls of recharging
 f - 5 scrolls of remove curse
 h - 5 scrolls of teleportation {@r4}
 j - 2 scrolls of enchant weapon
 k - 2 scrolls of blinking {unknown}
 l - a scroll of random uselessness {unknown}

Dungeon Overview and Level Annotations

Branches:
Dungeon (5/15)             Temple (0/1) D:4

Altars:
Ashenzari
Dithmenos
Pakellas
Qazlal
Ru
Sif Muna

Annotations:
D:2 exclusion: downstairs
D:3 Edmund
D:4 exclusions: orc wizard and upstairs, Legadrian's ghost, novice DEVM

▒ .▒ . .▒ ▒ .▒ ▒ ▒ ▒ ▒
▒▒▒▒▒▒ ▒▒▒▒▒▒▒▒▒▒▒▒▒
..../▒ ▒.(..MB......
▒▒▒▒.▒▒▒▒▒▒▒.▒▒▒▒▒▒▒▒▒▒▒
▒ ▒.........▒ ▒
▒▒▒▒▒▒▒▒▒▒▒


You could see a worker ant.


Message History

You squash the worker ant like the proverbial ant!
Your punch misses the worker ant!
The worker ant is severely wounded!
The worker ant closely misses you!
You barely miss the worker ant!
The worker ant is severely wounded!
The worker ant bites you!!! * * * don't die
* * * You squash the worker ant but do no damage!
The worker ant is severely wounded!
The worker ant bites you! * * * don't die
* * * You barely miss the worker ant!
The worker ant is severely wounded!
The worker ant bites you!!! * * * don't die
* * * You barely miss the worker ant!
The worker ant is severely wounded!
The worker ant barely misses you!
You closely miss the worker ant!
The worker ant is severely wounded!
The worker ant bites you! * * * don't die
* * * You squash the worker ant but do no damage!
The worker ant is severely wounded!
The worker ant completely misses you!
You squash the worker ant but do no damage!
The worker ant is severely wounded!
The worker ant bites you! rip

Action                   |  1- 3 |  4- 6 || total
-------------------------+-------+-------++-------
Melee: Unarmed           |   179 |   397 ||   576
       Punch             |     2 |    13 ||    15
  Use: Scroll            |       |     6 ||     6
 Stab: Sleeping          |     5 |    10 ||    15
Armor: Skin              |    10 |    58 ||    68
Dodge: Dodged            |   115 |   284 ||   399

Vault maps used:
D:1:      onia_arrival_larder
D:2:      lemuel_crystal_altar, grunt_temple_overflow_open,
          nicolae_ashenzari_panopticon, gammafunk_temple_overflow_wave,
          hangedman_decor_points
D:3:      portal_sewer_entry_b, minivault_25,
          gammafunk_pakellas_cloud_experiment, uniq_iyjb
D:4:      temple_green, first_bread, uniq_edmund
D:5:      nicolae_overflow_hidden_temple, nicolae_gozag_zags_fifth_avenue,
          grunt_ministairs_11, kennysheep_decorative_pillar, uniq_grinder
Sewer:    sewer_fruit_machine

Notes
Turn   | Place    | Note
--------------------------------------------------------------
     0 | D:1      | MistressOfTheDunes the Mummy Monk began the quest for the Orb.
     0 | D:1      | Reached XP level 1. HP: 18/18 MP: 1/1
   184 | D:1      | HP: 1/18 [kobold (1)]
   506 | D:1      | Reached XP level 2. HP: 24/24 MP: 2/2
  1212 | D:1      | Reached skill level 4 in Unarmed Combat
  1568 | D:2      | Found a shadowy altar of Dithmenos.
  1569 | D:2      | Found a sacrificial altar of Ru.
  1612 | D:2      | Reached XP level 3. HP: 22/29 MP: 3/3
  2184 | D:2      | Found an oddly glowing altar of Pakellas.
  2885 | D:2      | Found a shattered altar of Ashenzari.
  2972 | D:2      | Reached XP level 4. HP: 27/35 MP: 4/4
  3418 | D:2      | Found a deep blue altar of Sif Muna.
  3418 | D:2      | Found a stormy altar of Qazlal.
  3427 | D:3      | Noticed Ijyb
  3950 | D:3      | Found a glowing drain.
  3958 | D:3      | Reached skill level 5 in Unarmed Combat
  3971 | Sewer    | Entered a sewer
  3986 | Sewer    | HP: 3/35 [ball python (1)]
  4940 | Sewer    | Reached XP level 5. HP: 22/41 MP: 5/5
  5542 | D:3      | Killed Ijyb
  5542 | D:3      | Reached skill level 4 in Fighting
  6692 | D:3      | Found an oddly glowing altar of Pakellas.
  6692 | D:3      | Noticed a green ugly thing
  6797 | D:4      | Noticed Legadrian's ghost (novice DEVM)
  7523 | D:4      | Reached skill level 5 in Fighting
  7523 | D:4      | Reached XP level 6. HP: 35/51 MP: 6/6
  7810 | D:4      | Got a shimmering long sword
  8144 | D:4      | Noticed Edmund
  8443 | D:4      | Found a staircase to the Ecumenical Temple.
  8606 | D:5      | Entered Level 5 of the Dungeon
  8633 | D:5      | HP: 1/51 [iguana (11)]
  8956 | D:5      | Reached skill level 3 in Dodging
  9208 | D:4      | HP: 2/51 [worker ant (6)]
  9210 | D:4      | Slain by a worker ant

Vanquished Creatures
  An orc priest (D:4)
  Ijyb (D:3)
  An iguana (D:5)
  3 worker ants
  4 gnolls
  3 adders
  5 oozes (Sewer)
  5 worms
  A dart slug (D:2)
  3 giant geckos
  5 orcs
  4 ball pythons
  15 bats
  7 giant cockroaches
  8 goblins
  9 hobgoblins
  20 jackals
  9 kobolds
  4 quokkas
  3 giant newts
  2 quokka skeletons (D:4)
  14 rats
127 creatures vanquished.
